 Dungeon Crawl Stone Soup version 0.31.0-11-ge490571c62 (webtiles) character file.

Game seed: 17536711627284148329

42 qw the Shooter (level 3, 0/18 HPs)
             Began as a Spriggan Hunter on Feb 4, 2024.
             Slain by a gnoll
             ... wielding a +0 spear
              (4 damage)
             ... on level 2 of the Dungeon.
             The game lasted 00:00:12 (635 turns).

qw the Shooter (Spriggan Hunter)                     Turns: 635, Time: 00:00:13

Health: 0/18       AC:  2    Str:  7    XL:     3   Next: 35%
Magic:  4/4        EV: 19    Int: 10    God:
Gold:   28         SH:  0    Dex: 20    Spells: 2/2 levels left

rFire   . . .        a - +1 shortbow
rCold   . . .        (shield currently unavailable)
rNeg    . . .        c - +0 robe
rPois   .            (helmet restricted)
rElec   .            (no cloak)
rCorr   .            (gloves unavailable)
SInv    +            (boots unavailable)
Will    .....        (no amulet)
Stlth   ++           (no ring)
HPRegen 0.23/turn    (no ring)
MPRegen 0.09/turn

%: no passive effects
@: very quick
A: very small, no large weapons, unfitting armour, see invisible, speed 3
a: no special abilities


You were on level 2 of the Dungeon.
You visited 1 branch of the dungeon, and saw 2 of its levels.

You collected 28 gold pieces.


Innate Abilities, Weirdness & Mutations

You are very small and have problems with some larger weapons.
You are too small for most types of armour.
You have supernaturally acute eyesight. (SInv)
You cover ground extremely quickly. (Speed+++)


   Skills:
 - Level 1.5 Fighting
 + Level 4.6 Ranged Weapons
 - Level 4.0 Dodging
 - Level 1.5 Stealth


You had 2 spell levels left.
You didn't know any spells.
Your spell library was empty.

Inventory:

Hand Weapons
 a - a +1 shortbow (weapon)
Armour
 c - a +0 robe (worn)
Scrolls
 b - a scroll of blinking {unknown}

Dungeon Overview and Level Annotations

Branches:
Dungeon (2/15)

Altars:


Message History

You hear a shout!
An adder comes into view.
You shoot an arrow. The arrow barely misses the gnoll.
You shoot an arrow. The arrow hits the adder!
The adder is severely wounded.
You shoot an arrow. The arrow hits the adder.
The adder is almost dead.
The adder misses you.
A gnoll comes into view. It is wielding a +0 spear.
You shoot an arrow. The arrow closely misses the adder.
The arrow closely misses the gnoll.
The adder misses you.
The gnoll hits you from afar with a +0 spear.
You shoot an arrow. The arrow hits the adder.
You kill the adder!
The gnoll hits you from afar with a +0 spear.
You have reached level 3!
Your experience leads to an increase in your attributes!
Increase (S)trength, (I)ntelligence, or (D)exterity?
You feel agile. x2
You shoot an arrow. The arrow hits the gnoll.
The gnoll is severely wounded.
The gnoll misses you.
You shoot an arrow. The arrow hits the gnoll!
You kill the gnoll!
You shoot an arrow. The arrow hits the gnoll.
The gnoll is moderately wounded.
The gnoll barely misses you.
You shoot an arrow. The arrow closely misses the gnoll.
The gnoll closely misses you.
The gnoll hits you from afar with a +0 spear!
You shoot an arrow. The arrow hits the gnoll.
The gnoll is heavily wounded.
The gnoll misses you.
You shoot an arrow. The arrow hits the gnoll.
The gnoll is severely wounded.
The gnoll completely misses you.
You shoot an arrow. The arrow closely misses the gnoll.
The gnoll hits you from afar with a +0 spear.
You die...

. #[ #.# #..#
#..### . #....#
...
#....#####.....
#......@.g.....
#....######..).
#......## ..
#....#..####[...
#....##......#
####.....#####
#......#
#......#####
###..........#


You could see a gnoll.

Vanquished Creatures
  A gnoll (D:2)
  An adder (D:2)
  2 dart slugs (D:1)
  2 endoplasms
  A goblin (D:1)
  5 hobgoblins (D:1)
  3 ball pythons (D:1)
  2 kobolds (D:1)
  2 rats
19 creatures vanquished.

Notes
Turn   | Place    | Note
-------+----------+-------------------------------------------
     0 | D:1      | qw the Spriggan Hunter began the quest for the Orb.
     0 | D:1      | Reached XP level 1. HP: 10/10 MP: 2/2
     0 | D:1      | 0 ||| qw: Version: 0.3-a-160-g6735b56
     0 | D:1      | 0 ||| qw: Game counter: 5858
     0 | D:1      | 0 ||| qw: Melee chars always use a shield: true
     0 | D:1      | 0 ||| qw: God list: Okawaru
     0 | D:1      | 0 ||| qw: Allow faded altars: false
     0 | D:1      | 0 ||| qw: Do Orc after clearing Dungeon:15 true
     0 | D:1      | 0 ||| qw: Do second Lair branch before Depths: true
     0 | D:1      | 0 ||| qw: Lair rune preference: random
     0 | D:1      | 0 ||| qw: Goals: Normal
     0 | D:1      | 0 ||| PLANNING D:1-11
   133 | D:1      | Reached skill level 3 in Dodging
   168 | D:1      | HP: 2/10 [hobgoblin (2)]
   194 | D:1      | Reached XP level 2. HP: 10/14 MP: 3/3
   578 | D:1      | 578 ||| DROPPING ring of wizardry.
   579 | D:1      | 579 ||| READING scroll labelled NOCWEN YMUHIO.
   579 | D:1      | 579 ||| ENCHANTING +0 shortbow.
   580 | D:1      | 580 ||| READING scroll labelled WOTWUOG OH ZUY.
   581 | D:1      | 581 ||| READING scroll labelled HUTOLU CUSHI.
   582 | D:1      | 582 ||| READING scroll labelled JOFRU PITIMIANN.
   582 | D:1      | 582 ||| IDENTIFYING sapphire potion
   583 | D:1      | 583 ||| READING scroll labelled FUFA XOTSIUFOR.
   584 | D:1      | 584 ||| DROPPING scroll of butterflies.
   585 | D:1      | 585 ||| DROPPING potion of attraction.
   629 | D:2      | Reached XP level 3. HP: 9/18 MP: 4/4
   632 | D:2      | HP: 3/18 [gnoll/+0 spear (7)]
   635 | D:2      | Slain by a gnoll

Levels and vault maps discovered:
D:1:      giann_horns, layout_basic
D:2:      layout_rooms, basic_altar

Skill      XL: |  1  2 |
---------------+-------+-----
Dodging        | 3 4 |  4.0
Fighting       | |  1.5
Ranged Weapons | |  4.6
Stealth        | |  1.5

Action                     || total
---------------------------++-------
   Fire: Shortbow          ||    57
    Use: Scroll            ||     5
 Armour: Robe              ||     9
  Dodge: Dodged            ||    20

Table legend:
 A = Non-vault XP
 B = Vault XP
 C = Vault XP percentage of total XP
 D = Non-vault monster count
 E = Vault monster count
 F = Vault count percentage of total count
                 A         B        C        D         E       F
            +---------+---------+-------+---------+---------+-------
      Total |      61 |       0 |   0.0 |      19 |       0 |   0.0
            +---------+---------+-------+---------+---------+-------
        D:1 |      30 |       0 |   0.0 |      15 |       0 |   0.0
        D:2 |      31 |       0 |   0.0 |       4 |       0 |   0.0
            +---------+---------+-------+---------+---------+-------
